[Event "*** SCC Grand Prix: Titled Tuesday Blitz"]
[Site "Chess.com"]
[Date "2020.06.09"]
[Round "7"]
[White "Pomegranate988"]
[Black "Enriquack"]
[Result "1-0"]
[WhiteElo "2562"]
[BlackElo "2407"]
[TimeControl "180+1"]
[EndTime "10:17:07 PDT"]
[Termination "Pomegranate988 won by resignation"]

1. d4 Nf6 2. c4 g6 3. Nc3 d5 4.
cxd5 Nxd5 5. e4 Nxc3 6. bxc3 Bg7 7. Bc4 O-O 8. Ne2 Nc6 9. O-O b6 10. Be3 Bb7 11. f3 Na5 12. Bd3 e5 13. d5 f5 14.
c4 Bc8 15. c5 Nb7 16. cxb6 axb6 17. Qc2 Nd6 18. Rfc1 Rf7 19. Nc3 Ba6 20. a4 fxe4 21.
fxe4 Qh4 22. Bxa6 Rxa6 23. Rf1 Rxf1+ 24. Rxf1 Qg4 25. h3 Qd7 26. Qb3 Ra5 27. Rc1 Bf6 28. Kh2 Kg7 29. Qd1 Nc4 30. Qd3 Nd6 31. Nb5 Rxa4 32. Rxc7 1-0

[Event "*** SCC Grand Prix: Titled Tuesday Blitz"]
[Site "Chess.com"]
[Date "2020.06.09"]
[Round "7"]
[White "AliKa2810"]
[Black "BIG_Pirate"]
[Result "1-0"]
[WhiteElo "2583"]
[BlackElo "2420"]
[TimeControl "180+1"]
[EndTime "10:17:08 PDT"]
[Termination "AliKa2810 won on time"]

1. d4 d5 2. c4 c6 3. Nf3 Nf6 4. Nc3 e6 5. Bg5 Nbd7 6. e3 Qa5 7. Nd2 Bb4 8. Qc2 O-O 9. Be2 e5 10. O-O exd4 11. Nb3 Qb6 12. exd4 Re8 13. cxd5 Nxd5 14. Nxd5 cxd5 15. Bf3 Qd6 16. a3 Nb6 17. axb4 Qxb4 18. Bd2 Qd6 19. Qc5 Qg6 20. Rfe1 Be6 21. Na5 Rac8 22. Qb4 Rc7 23. Bf4 Rd7 24. Rac1 h5 25. Nb3 Rdd8 26. Nc5 1-0

[Event "*** SCC Grand Prix: Titled Tuesday Blitz"]
[Site "Chess.com"]
[Date "2020.06.09"]
[Round "7"]
[White "bmt011"]
[Black "tylityli"]
[Result "0-1"]
[WhiteElo "2112"]
[BlackElo "2260"]
[TimeControl "180+1"]
[EndTime "10:17:09 PDT"]
[Termination "tylityli won on time"]

1. d4 Nf6 2. Bf4 d5 3. Nf3 c5 4. c3 Nc6 5. Nbd2 Qb6 6. Qb3 c4 7. Qxb6 axb6 8. e4 e6 9. e5 Nh5 10. Bg5 h6 11. Bh4 g5 12. Bg3 b5 13. Be2 b4 14.
O-O b5 15. h4 Nf4 16. Bxf4 gxf4 17. g3 Rg8 18. Kh2 fxg3+ 19. fxg3 bxc3 20. bxc3 b4 21. cxb4 Bxb4 22. a4 Bc3 23. Ra3 Bxd4 24. Bxc4 dxc4 25. Nxd4 Nxd4 26. Nxc4 Nf5 27. Kh3 h5 28. a5 Ba6 29.
Nb6 Bxf1+ 0-1

[Event "*** SCC Grand Prix: Titled Tuesday Blitz"]
[Site "Chess.com"]
[Date "2020.06.09"]
[Round "7"]
[White "TERMINATOR_PC"]
[Black "ljuks68"]
[Result "0-1"]
[WhiteElo "2472"]
[BlackElo "2346"]
[TimeControl "180+1"]
[EndTime "10:17:10 PDT"]
[Termination "ljuks68 won by resignation"]

1. e4 e6 2. d4 d5 3. exd5 exd5 4. Nc3 Nf6 5. Bd3 Bb4 6. Ne2 O-O 7. Bg5 Bg4 8. f3 Bh5 9. Qd2 Nbd7 10. O-O-O Nb6 11. g4 Bg6 12. h4 Bxd3 13. Qxd3 c6 14. Ng3 Nc4 15.
h5 Qa5 16. Bxf6 Ba3 17. Na4 Qxa4 18. bxa3 gxf6 19. h6 Rfe8 20. Rde1 Qa5 21. Rd1 Re3 22. Nh5 Rxd3 23. Rxd3 Qb6 24. Rb3 Qxd4 25. Kb1 0-1

[Event "*** SCC Grand Prix: Titled Tuesday Blitz"]
[Site "Chess.com"]
[Date "2020.06.09"]
[Round "7"]
[White "anastasiyakarlovych"]
[Black "Savva09022009"]
[Result "0-1"]
[WhiteElo "1991"]
[BlackElo "2421"]
[TimeControl "180+1"]
[EndTime "10:17:14 PDT"]
[Termination "Savva09022009 won on time"]

1. e4 c5 2. Nf3 Nc6 3. Bb5 Nf6 4. e5 Ng4 5. Qe2 g6 6. h3 Nh6 7. O-O Bg7 8. c3 O-O 9. d4 a6 10. Bd3 cxd4 11. cxd4 d6 12. Nc3 dxe5 13. dxe5 Nf5 14. Bf4 Nfd4 15. Nxd4 Qxd4 16. Bg3 Nxe5 17. Bc2 Nc6 18.
Rad1 Qc5 19. Ne4 Qb6 20. b3 Bf5 21. Rfe1 Nd4 22. Qd3 Rfd8 23. Bb1 Rac8 24. Qe3 Rc3 0-1

[Event "*** SCC Grand Prix: Titled Tuesday Blitz"]
[Site "Chess.com"]
[Date "2020.06.09"]
[Round "7"]
[White "giantslayer83"]
[Black "amintabatabaei"]
[Result "1-0"]
[WhiteElo "2748"]
[BlackElo "2872"]
[TimeControl "180+1"]
[EndTime "10:17:17 PDT"]
[Termination "giantslayer83 won by resignation"]

1. d4 Nf6 2. c4 e6 3. Nf3 d5 4. Nc3 dxc4 5. e4 b5 6. e5 Nd5 7.
Nxb5 Nb6 8. Be2 Nc6 9. O-O Be7 10. Qd2 Rb8 11. Rd1 O-O 12. Nc3 Bb7 13. Qf4 Nb4 14. Qg3 Kh8 15. Bg5 f6 16. exf6 gxf6 17. Bf4 N4d5 18.
Nxd5 Nxd5 19. Bxc4 Rg8 20. Qh4 Qf8 21. Bg3 Qf7 22. Re1 Rg7 23. Qe4 f5 24. Qxe6 Qxe6 25. Rxe6 f4 26. Bh4 Bxh4 27. Nxh4 Rg4 28. g3 fxg3 29.
hxg3 Rxd4 30. Bb3 Rd2 31. Rae1 Rf8 32. R1e2 Rd4 33. Re8 Rxe8 34. Rxe8+ Kg7 35. Nf5+ Kf7 36. Rb8 1-0

[Event "*** SCC Grand Prix: Titled Tuesday Blitz"]
[Site "Chess.com"]
[Date "2020.06.09"]
[Round "7"]
[White "StephenDedalus83"]
[Black "Guenplen"]
[Result "0-1"]
[WhiteElo "2742"]
[BlackElo "2908"]
[TimeControl "180+1"]
[EndTime "10:17:22 PDT"]
[Termination "Guenplen won by resignation"]

1. e4 c5 2. Nf3 e6 3. d4 cxd4 4. Nxd4 Nf6 5. Nc3 Nc6 6. Ndb5 Bc5 7. Bf4 O-O 8. Bc7 Qe7 9. Bd6 Bxd6 10. Qxd6 Qd8 11.
O-O-O a6 12. Nd4 Ne7 13. a4 Ne8 14. Qb4 b6 15. Be2 Bb7 16. Rd2 Nf6 17. Bf3 d5 18. Rhd1 Qc7 19. exd5 Nexd5 20. Nxd5 Bxd5 21. g3 b5 22.
Rd3 Bxf3 23. Nxf3 Nd5 24. Qb3 Rab8 25. R1d2 h6 26. Nd4 Rfc8 27. axb5 axb5 28. Kd1 b4 29.
Ke2 Nc3+ 30. Kf1 Ne4 31. Nxe6 Nxd2+ 32. Rxd2 fxe6 33. Qxe6+ Qf7 0-1

[Event "*** SCC Grand Prix: Titled Tuesday Blitz"]
[Site "Chess.com"]
[Date "2020.06.09"]
[Round "7"]
[White "DanielTitichoca"]
[Black "Ashedu66"]
[Result "1-0"]
[WhiteElo "2333"]
[BlackElo "2161"]
[TimeControl "180+1"]
[EndTime "10:17:24 PDT"]
[Termination "DanielTitichoca won by resignation"]

1. Nf3 d5 2. c4 e6 3. d4 Nf6 4. Nc3 c6 5. Bg5 Nbd7 6. e3 Qa5 7. a3 Ne4 8. Rc1 dxc4 9. Bf4 b5 10.
Be2 Bb7 11. O-O Nxc3 12. bxc3 Qxa3 13. Qc2 Qa5 14. Ng5 Nf6 15. Bf3 a6 16. Ne4 Nxe4 17. Bxe4 h6 18. Be5 Rd8 19. f4 f5 20. Bf3 Qb6 21.
g4 c5 22. gxf5 Bxf3 23. Rxf3 exf5 24. Qxf5 Be7 25. Rg3 g5 26. Bxh8 1-0

[Event "*** SCC Grand Prix: Titled Tuesday Blitz"]
[Site "Chess.com"]
[Date "2020.06.09"]
[Round "7"]
[White "MateSchmate"]
[Black "BilguunSu"]
[Result "0-1"]
[WhiteElo "2430"]
[BlackElo "2610"]
[TimeControl "180+1"]
[EndTime "10:17:29 PDT"]
[Termination "BilguunSu won by checkmate"]

1. e4 c5 2. Nf3 e6 3. d4 cxd4 4. Nxd4 a6 5. Nc3 Qc7 6. g3 Bb4 7. Bd2 Nc6 8. Nb3 Nf6 9. Bg2 O-O 10. O-O Be7 11. Qe2 d6 12. f4 e5 13. f5 Nd4 14.
Nxd4 exd4 15. Nd5 Nxd5 16. exd5 Bf6 17. Rac1 Bd7 18. Qf3 Rae8 19. c3 Qb6 20. Qf2 Qxb2 21. Rb1 Qc2 22. Rfc1 Qxf5 23. Qxf5 Bxf5 24. Rxb7 dxc3 25.
Bxc3 Rc8 26. Bd2 Bd4+ 27. Kh1 h6 28. h3 g5 29. Rbc7 Rxc7 30. Rxc7 Rb8 31. g4 Rb1+ 32. Rc1 Rb2 33. Bxg5 hxg5 34. gxf5 Rxa2 35. Rc8+ Kg7 36.
Be4 Kf6 37. Rc7 a5 38. Bd3 a4 39. Bb5 a3 40. Be8 Kxf5 41. Rxf7+ Ke4 42. Re7+ Kf4 43.
Rf7+ Kg3 44. Rf1 Rh2# 0-1

[Event "*** SCC Grand Prix: Titled Tuesday Blitz"]
[Site "Chess.com"]
[Date "2020.06.09"]
[Round "7"]
[White "Oligan22"]
[Black "szachuspl"]
[Result "0-1"]
[WhiteElo "2403"]
[BlackElo "2556"]
[TimeControl "180+1"]
[EndTime "10:17:29 PDT"]
[Termination "szachuspl won by resignation"]

1. e4 c5 2. Nf3 e6 3. d4 cxd4 4. Nxd4 Nc6 5. Nc3 a6 6. Nxc6 bxc6 7. Bd3 d5 8. O-O Nf6 9. Qe2 Be7 10. b3 O-O 11. Bb2 c5 12. e5 Nd7 13. f4 c4 14. Bxh7+ Kxh7 15. Qh5+ Kg8 16. Rf3 Bc5+ 17. Kh1 f5 18. Rh3 Qe8 19. Qh7+ Kf7 20. Nxd5 exd5 21. Qxf5+ Ke7 22. Qg5+ Nf6 23. exf6+ gxf6 24. Rh7+ Kd6 25. Qg3 Bf5 26. Rg7 Qe3 27. Qh4 c3 0-1

[Event "*** SCC Grand Prix: Titled Tuesday Blitz"]
[Site "Chess.com"]
[Date "2020.06.09"]
[Round "7"]
[White "Zurability"]
[Black "ditkin25"]
[Result "1-0"]
[WhiteElo "2660"]
[BlackElo "2413"]
[TimeControl "180+1"]
[EndTime "10:17:30 PDT"]
[Termination "Zurability won by resignation"]

1. c4 g6 2. d4 Bg7 3. Nc3 d6 4. e4 Nf6 5. Nf3 O-O 6. Be2 c5 7. d5 e6 8. O-O exd5 9. cxd5 Re8 10. Nd2 a6 11. a4 Nbd7 12. Re1 Qc7 13. Bf1 Ne5 14.
h3 c4 15. Qc2 Nh5 16. a5 Nf4 17. Re3 Bh6 18. Nf3 Nfd3 19. Nxe5 Bxe3 20. Nxd3 cxd3 21. Qxd3 Bxc1 22. Rxc1 Qxa5 23. Qg3 Bd7 24. Qxd6 Rad8 25. Qf4 Bb5 26. Bxb5 axb5 27. d6 Qb4 28. Nd5 Rxd6 29.
Nxb4 1-0

[Event "*** SCC Grand Prix: Titled Tuesday Blitz"]
[Site "Chess.com"]
[Date "2020.06.09"]
[Round "7"]
[White "Thipsay"]
[Black "fabianvivasz"]
[Result "1-0"]
[WhiteElo "2440"]
[BlackElo "2287"]
[TimeControl "180+1"]
[EndTime "10:17:31 PDT"]
[Termination "Thipsay won on time"]

1. e4 c5 2. Nf3 a6 3. c3 e6 4. d4 d5 5. e5 Bd7 6. Bd3 Bb5 7. Bxb5+ axb5 8. dxc5 Bxc5 9. O-O Ne7 10. b4 Bb6 11.
Qe2 Qd7 12. Na3 O-O 13. Nxb5 Nbc6 14. a4 Ng6 15. Be3 Bc7 16. Bd4 Rfc8 17. Qe3 Bd8 18. Nd6 Nxd4 19. cxd4 Rc2 20. a5 Be7 21. Rfc1 Rxc1+ 22.
Rxc1 Bxd6 23. exd6 Qxd6 24. Qc3 h6 25. Qc5 Qd7 26.
Qb6 Rc8 27. Rc5 Nf4 28. g3 Nd3 29. Rxc8+ Qxc8 30. Ne5 Qc1+ 31. Kg2 Ne1+ 32. Kh3 Qg5 33. g4 h5 34. Qxb7 hxg4+ 35. Kg3 1-0

[Event "*** SCC Grand Prix: Titled Tuesday Blitz"]
[Site "Chess.com"]
[Date "2020.06.09"]
[Round "7"]
[White "reniite"]
[Black "Kapitan_Bayan"]
[Result "0-1"]
[WhiteElo "1836"]
[BlackElo "2341"]
[TimeControl "180+1"]
[EndTime "10:17:31 PDT"]
[Termination "Kapitan_Bayan won by resignation"]

1. e4 Nc6 2. d4 d5 3. e5 Bf5 4.
f4 h5 5. Bd3 Nxd4 6. c3 Bxd3 7.
Qxd3 Nc6 8. Qb5 Qd7 9. Ne2 O-O-O 10. Be3 Kb8 11. Qb3 f6 12. Bd4 fxe5 13. fxe5 Nh6 14.
Nd2 Nf5 15. O-O-O Ncxd4 16. Nxd4 Nxd4 17. cxd4 e6 18. Kb1 c5 19. dxc5 Bxc5 20. Rc1 Bb6 21. Rhf1 Rhf8 22. Nf3 Rc8 23. Qd3 Qa4 24. Qg6 Rxc1+ 25.
Rxc1 Qe4+ 26. Qxe4 dxe4 27. Ng5 e3 28. Kc2 Rf2+ 29.
Kd3 Rd2+ 30. Ke4 e2 31. Re1 Bf2 32. Nf3 Bxe1 33. Nxe1 Rxb2 34. h3 Rxa2 35. Ke3 a5 36.
g4 hxg4 37. hxg4 a4 0-1

[Event "*** SCC Grand Prix: Titled Tuesday Blitz"]
[Site "Chess.com"]
[Date "2020.06.09"]
[Round "7"]
[White "Sanan_Sjugirov"]
[Black "Arkady_Gitelson"]
[Result "1-0"]
[WhiteElo "2781"]
[BlackElo "2536"]
[TimeControl "180+1"]
[EndTime "10:17:36 PDT"]
[Termination "Sanan_Sjugirov won by resignation"]

1. e4 c5 2. Nf3 Nc6 3. Bb5 e6 4. O-O Nge7 5. c3 d5 6. exd5 Nxd5 7. Ne5 Qc7 8. d4 cxd4 9. cxd4 Bd6 10. Re1 O-O 11.
Bxc6 bxc6 12. Nd2 Ba6 13. Ne4 Be7 14. Bd2 Rad8 15. Rc1 Bb7 16. Nc5 Bxc5 17. Rxc5 Nb6 18. Qg4 Kh8 19. b3 Nd7 20. Ba5 Nb6 21. Qh4 Qd6 22. Nf3 f6 23. Rh5 h6 24. Bd2 Kg8 25.
Bxh6 gxh6 26. Rxh6 Kf7 27. Qh5+ Ke7 28. Rh7+ 1-0

[Event "*** SCC Grand Prix: Titled Tuesday Blitz"]
[Site "Chess.com"]
[Date "2020.06.09"]
[Round "7"]
[White "GaboSalazar2001"]
[Black "sasko1234"]
[Result "0-1"]
[WhiteElo "2269"]
[BlackElo "2478"]
[TimeControl "180+1"]
[EndTime "10:17:37 PDT"]
[Termination "sasko1234 won by resignation"]

1. e4 d6 2. d4 Nf6 3. Nc3 c6 4. Be2 Qa5 5. Bd2 e5 6. Nf3 Qc7 7. a4 Be7 8. O-O O-O 9. h3 Nbd7 10. Be3 Re8 11. Bc4 h6 12. Qd2 Nf8 13. Rad1 a6 14. Bb3 b5 15. axb5 axb5 16. d5 b4 17.
Na4 c5 18. Nxc5 Ng6 19. Rfe1 Bf8 20. Qxb4 dxc5 21. d6 Bxd6 22. Qc4 Be6 23. Qc3 Bxb3 24. Qxb3 c4 0-1

[Event "*** SCC Grand Prix: Titled Tuesday Blitz"]
[Site "Chess.com"]
[Date "2020.06.09"]
[Round "7"]
[White "Dr_crypt"]
[Black "queen_iryna"]
[Result "1-0"]
[WhiteElo "2460"]
[BlackElo "2315"]
[TimeControl "180+1"]
[EndTime "10:17:39 PDT"]
[Termination "Dr_crypt won by resignation"]

1. d4 d5 2. c4 c6 3. cxd5 cxd5 4. Bf4 Nc6 5. e3 Nf6 6. Nc3 a6 7. Rc1 e6 8. Nf3 Be7 9. Bd3 O-O 10. O-O Bd7 11. Ne5 Rc8 12. a3 b5 13. b4 Be8 14.
Qe2 Nxe5 15. Bxe5 Nd7 16. e4 Nxe5 17. dxe5 d4 18. Nb1 Rxc1 19. Rxc1 Qb8 20. f4 f6 21. exf6 Rxf6 22. g3 e5 23. f5 Rc6 24. Rxc6 Bxc6 25. Qc2 Bd7 26. Nd2 a5 27. bxa5 Bxa3 28. Qb3+ Kh8 29. Qxa3 b4 30. Qb3 g6 31. f6 Qc8 32.
Qf7 Qg8 33. Qxg8+ Kxg8 34. Bc4+ Kf8 35. a6 Bc6 36. a7 b3 37. Bxb3 d3 38. Bd5 1-0

[Event "*** SCC Grand Prix: Titled Tuesday Blitz"]
[Site "Chess.com"]
[Date "2020.06.09"]
[Round "7"]
[White "JoachimMouhamad"]
[Black "Rodalquilar"]
[Result "0-1"]
[WhiteElo "2473"]
[BlackElo "2634"]
[TimeControl "180+1"]
[EndTime "10:17:40 PDT"]
[Termination "Rodalquilar won on time"]

1. e4 d5 2. exd5 Qxd5 3. Nc3 Qa5 4. d4 Nf6 5. Nf3 Bf5 6. Bc4 e6 7. Bd2 Bb4 8. a3 Bxc3 9. Bxc3 Qb6 10. O-O Nc6 11. Re1 O-O 12. b4 Rad8 13. Qe2 Be4 14.
Bb3 Bxf3 15. Qxf3 Nxd4 16. Bxd4 Rxd4 17. Rad1 Rfd8 18. Rxd4 Rxd4 19. h3 c6 20. Qg3 Qd8 21. Qe5 Qd6 22. Qa5 a6 23. Qb6 Qd7 24. g3 Rd2 25. Qe3 Qd4 26. Qxd4 Rxd4 27. Re5 Kf8 28. g4 h6 29. Kg2 Ke7 30. Rc5 Kd6 31. f3 Nd7 32. Rc3 b5 33. Kg3 c5 34. bxc5+ Nxc5 35. h4 a5 36. h5 a4 37. Ba2 f5 38. gxf5 exf5 39. Bf7 Nd7 40. Bg6 f4+ 0-1

[Event "*** SCC Grand Prix: Titled Tuesday Blitz"]
[Site "Chess.com"]
[Date "2020.06.09"]
[Round "7"]
[White "tamarozi99"]
[Black "gm_rashid"]
[Result "1-0"]
[WhiteElo "2068"]
[BlackElo "2338"]
[TimeControl "180+1"]
[EndTime "10:17:41 PDT"]
[Termination "tamarozi99 won on time"]

1. e4 e5 2. Nf3 Nc6 3. Bb5 a6 4. Ba4 d6 5. c3 f5 6. d3 Nf6 7.
Nbd2 fxe4 8. dxe4 Be6 9. Bb3 Qd7 10. Bxe6 Qxe6 11. Qb3 Qxb3 12. axb3 Be7 13. b4 O-O 14. O-O h6 15. Re1 g5 16. h3 Nd8 17.
b5 Ne6 18. bxa6 Nc5 19. a7 c6 20. b4 Nd3 21. Rd1 d5 22. exd5 1-0

[Event "*** SCC Grand Prix: Titled Tuesday Blitz"]
[Site "Chess.com"]
[Date "2020.06.09"]
[Round "7"]
[White "Vesper2018"]
[Black "LionTheLeon_06"]
[Result "0-1"]
[WhiteElo "2425"]
[BlackElo "2689"]
[TimeControl "180+1"]
[EndTime "10:17:43 PDT"]
[Termination "LionTheLeon_06 won by checkmate"]

1. e4 c5 2. Nc3 d6 3. d4 cxd4 4. Qxd4 Nc6 5. Qd2 g6 6. b3 Bh6 7.
f4 Nf6 8. Bb2 e5 9. g3 O-O 10.
O-O-O Bg4 11. Re1 Rc8 12. Bd3 Nd4 13. Kb1 a6 14. Nd5 Nxd5 15. exd5 Qb6 16. Qf2 Qc7 17. c3 Nb5 18. Rc1 Bg7 19. f5 e4 20. Bxe4 Bxc3 21. a4 Qe7 22. Bd3 Bxb2 23. Rxc8 Rxc8 24.
axb5 Bg7 25. Nf3 Bxf3 26. Qxf3 Qe5 27. f6 Bxf6 28. Bc4 Qb2# 0-1

[Event "*** SCC Grand Prix: Titled Tuesday Blitz"]
[Site "Chess.com"]
[Date "2020.06.09"]
[Round "7"]
[White "Gabrielian_Artur"]
[Black "Bathory44"]
[Result "1-0"]
[WhiteElo "2748"]
[BlackElo "2588"]
[TimeControl "180+1"]
[EndTime "10:17:52 PDT"]
[Termination "Gabrielian_Artur won by resignation"]

1. e4 e6 2. d4 d5 3. e5 c5 4.
c3 Nc6 5. Nf3 Bd7 6. Be2 Nge7 7.
Na3 cxd4 8. cxd4 Nf5 9. Nc2 Qb6 10. O-O Na5 11. g4 Ne7 12. b4 Nc4 13. Ne3 h5 14.
Bxc4 hxg4 15. Ne1 Ng6 16. Be2 Nf4 17. Bxg4 Bb5 18. N1g2 Bxf1 19. Nxf4 Bc4 20. Nxc4 dxc4 21. Qa4+ Qc6 22. Qxc6+ bxc6 23. Bf3 O-O-O 24. Be3 g5 25.
Ne2 Bxb4 26. Rc1 c5 27. Rxc4 Kc7 28. dxc5 Bd2 29. Ra4 a5 30. Bxd2 Rxd2 31. Rxa5 g4 32. Ra7+ Kb8 33. Ra8+ Kc7 34. Rxh8 gxf3 35. Ng3 Rxa2 36.
Rf8 Kc6 37. Rxf7 1-0

[Event "*** SCC Grand Prix: Titled Tuesday Blitz"]
[Site "Chess.com"]
[Date "2020.06.09"]
[Round "7"]
[White "PavelShkapenko"]
[Black "IriBu"]
[Result "1-0"]
[WhiteElo "2682"]
[BlackElo "2528"]
[TimeControl "180+1"]
[EndTime "10:17:52 PDT"]
[Termination "PavelShkapenko won by resignation"]

1. e4 Nf6 2. e5 Nd5 3. c4 Nb6 4.
c5 Nd5 5. Bc4 e6 6. d4 b6 7.
cxb6 cxb6 8. Ne2 Bb7 9. O-O d6 10. Nbc3 Nxc3 11. Nxc3 Be7 12. d5 O-O 13. dxe6 fxe6 14.
Bxe6+ Kh8 15. Qh5 g6 16. Qe2 dxe5 17. Bh6 Re8 18. Bf7 Bf6 19. Bxe8 Qxe8 20. Ne4 Bg7 21. Bxg7+ Kxg7 22. Nd6 Qe7 23. Nxb7 Nc6 24. Rac1 Qxb7 25.
Qe4 Rc8 26. Rc3 Qd7 27. Rfc1 Nd4 28. Rxc8 1-0

[Event "*** SCC Grand Prix: Titled Tuesday Blitz"]
[Site "Chess.com"]
[Date "2020.06.09"]
[Round "7"]
[White "gross-aleks"]
[Black "Makswolf200817"]
[Result "1-0"]
[WhiteElo "2592"]
[BlackElo "2427"]
[TimeControl "180+1"]
[EndTime "10:17:53 PDT"]
[Termination "gross-aleks won by resignation"]

1. c4 e5 2. g3 g6 3. Bg2 Bg7 4. Nc3 Nc6 5. d3 d6 6. Rb1 a5 7. Nd5 f5 8. Nf3 h6 9. Qa4 Bd7 10. Qb3 Nge7 11. Nxe7 Nxe7 12. Qxb7 Rb8 13. Qa6 O-O 14.
Qxa5 Ra8 15. Qd2 Rxa2 16. O-O g5 17. Qd1 Ng6 18. Nd2 h5 19. c5 Ra7 20. b4 h4 21.
cxd6 cxd6 22. Nc4 Be6 23. b5 Ra2 24. b6 d5 25. b7 Qc7 26. Qb3 dxc4 27. Qxa2 hxg3 28.
hxg3 Rb8 29. Bxg5 Nf8 30. dxc4 Bxc4 31. Bd5+ Bxd5 32. Qxd5+ Kh8 33. Kg2 Nh7 34. Rh1 e4 35.
Bf4 1-0

[Event "*** SCC Grand Prix: Titled Tuesday Blitz"]
[Site "Chess.com"]
[Date "2020.06.09"]
[Round "7"]
[White "CrushingKings"]
[Black "Danesz22"]
[Result "1-0"]
[WhiteElo "2515"]
[BlackElo "2361"]
[TimeControl "180+1"]
[EndTime "10:17:53 PDT"]
[Termination "CrushingKings won by resignation"]

1. e4 b6 2. d4 Bb7 3. Bd3 g6 4. h4 Bg7 5. Be3 h6 6. c3 e6 7. Nd2 Ne7 8. f4 d5 9. e5 Nd7 10. h5 a6 11. hxg6 fxg6 12. g4 c5 13. Ngf3 Qc7 14.
Qc2 cxd4 15. Bxg6+ Kd8 16. Nxd4 Nf8 17. Bf7 Bc8 18.
O-O-O b5 19. Kb1 Rb8 20. N2b3 a5 21. Nc5 Rb6 22. f5 Qxe5 23. Ncxe6+ Nxe6 24. Nxe6+ Rxe6 25. Bd4 Qe2 26. Bxg7 Qxc2+ 27. Kxc2 Re2+ 28. Kd3 Rh7 29.
Kxe2 Rxg7 30. Bh5 Rg8 31. f6 Ng6 32. Rxd5+ Kc7 33. Rc5+ Kd6 34. Rxc8 Nf4+ 35. Kf3 1-0

[Event "*** SCC Grand Prix: Titled Tuesday Blitz"]
[Site "Chess.com"]
[Date "2020.06.09"]
[Round "7"]
[White "PetrolulSah"]
[Black "dianamirza"]
[Result "1-0"]
[WhiteElo "2238"]
[BlackElo "2007"]
[TimeControl "180+1"]
[EndTime "10:17:53 PDT"]
[Termination "PetrolulSah won by resignation"]

1. d4 Nf6 2. c4 g6 3. Nc3 Bg7 4. e4 d6 5. Be2 O-O 6. Bg5 h6 7.
Be3 Nbd7 8. Qd2 e5 9. dxe5 Nxe5 10. Bxh6 Be6 11. b3 a5 12. Nf3 a4 13. Nxe5 axb3 14. Bxg7 Kxg7 15. Nf3 bxa2 16. Nd4 c5 17. Nxe6+ fxe6 18. e5 dxe5 19. Qxd8 Rfxd8 20. Rxa2 Rxa2 21. Nxa2 Ra8 22. Nc3 Ra1+ 23. Bd1 Ra3 24. Kd2 e4 25. Bc2 Nd7 26.
Rb1 b6 27. Bxe4 Kf6 28. f4 e5 29. Bc6 Nb8 30. Rxb6 Nxc6 31. Rxc6+ Kf5 32. fxe5 Kxe5 33. Rxc5+ Kd4 34. Nb5+ Kxc5 35. Nxa3 Kb4 36. h4 Kxa3 37. c5 1-0

[Event "*** SCC Grand Prix: Titled Tuesday Blitz"]
[Site "Chess.com"]
[Date "2020.06.09"]
[Round "7"]
[White "Olga_Girya"]
[Black "2L8IWUN"]
[Result "0-1"]
[WhiteElo "2396"]
[BlackElo "2555"]
[TimeControl "180+1"]
[EndTime "10:17:56 PDT"]
[Termination "2L8IWUN won on time"]

1. d4 Nf6 2. c4 e6 3. Nf3 d5 4. Nc3 Nbd7 5. Bg5 h6 6. Bh4 Be7 7.
e3 O-O 8. Rc1 c5 9. dxc5 g5 10.
Bg3 Nxc5 11. cxd5 Nxd5 12. Nxd5 exd5 13. Be2 Qa5+ 14. Qd2 Qxa2 15. b4 Qxd2+ 16. Nxd2 Ne4 17. Nxe4 dxe4 18. Rc4 f5 19. Be5 Be6 20. Rd4 Rfd8 21.
b5 Rxd4 22. Bxd4 Bb4+ 23. Kf1 Rc8 24. g3 Rc1+ 25. Kg2 Rc2 26. Bh5 a6 27. Rb1 a5 28.
b6 Rc6 29. Be8 Rc4 30. Bb5 Rc8 31. Ba4 Kf7 32. h3 Ke7 33. Bd1 Rc6 34. Ba4 Rc8 35. Bd1 Bd5 36. g4 f4 37. Ba4 f3+ 38. Kg1 Bc6 39.
Bb3 Bd6 40. Bc4 a4 41. Ra1 Ra8 0-1

[Event "*** SCC Grand Prix: Titled Tuesday Blitz"]
[Site "Chess.com"]
[Date "2020.06.09"]
[Round "7"]
[White "Panterov"]
[Black "TrenerChos"]
[Result "1/2-1/2"]
[WhiteElo "2160"]
[BlackElo "2358"]
[TimeControl "180+1"]
[EndTime "10:17:57 PDT"]
[Termination "Game drawn by repetition"]

1. e4 c5 2. b3 Nc6 3. Bb2 e6 4.
g3 Nf6 5. Bg2 Be7 6. Ne2 O-O 7.
O-O Re8 8. c4 b6 9. e5 Ng4 10.
d4 Bb7 11. h3 Nh6 12. d5 exd5 13. cxd5 Nb4 14. d6 Bxg2 15. dxe7 Qxe7 16. Kxg2 Rad8 17. Re1 Nc6 18. Nf4 Nf5 19. Qg4 Nfd4 20. Nd5 Qe6 21.
Nbc3 Qxg4 22. hxg4 Nc2 23. f4 Nxa1 24. Bxa1 d6 25. Nb5 dxe5 26. Nbc7 Rf8 27. Bxe5 Nxe5 28.
Rxe5 f6 29. Re6 Rd7 30. f5 Rfd8 31. Kh3 Rxd5 32. Nxd5 Rxd5 33. Re7 a5 34. Rb7 Rd6 35. Kh4 g6 36. fxg6 hxg6 37. g5 f5 38. g4 f4 39. Kh3 Rd3+ 40. Kh4 Rd6 41. Kh3 Rd3+ 42. Kh4 Rd6 1/2-1/2

[Event "*** SCC Grand Prix: Titled Tuesday Blitz"]
[Site "Chess.com"]
[Date "2020.06.09"]
[Round "7"]
[White "iaraldinho"]
[Black "GigaQuparadze"]
[Result "0-1"]
[WhiteElo "2628"]
[BlackElo "2833"]
[TimeControl "180+1"]
[EndTime "10:17:58 PDT"]
[Termination "GigaQuparadze won by resignation"]

1. e4 c5 2. Nf3 Nc6 3. d4 cxd4 4. Nxd4 Qb6 5. Nb3 Nf6 6. Nc3 e6 7. Be3 Qc7 8. Be2 a6 9. O-O b5 10. a3 Ne5 11. f4 Nc4 12. Bxc4 bxc4 13. Nd4 Bb7 14.
e5 Nd5 15. Nxd5 Bxd5 16. c3 Rb8 17. Rf2 g6 18. Nf3 Bc5 19. Bxc5 Qxc5 20. Qd4 Qxd4 21.
Nxd4 Ke7 22. g3 Rb7 23. Kf1 Rhb8 24. Ra2 Be4 25. Ke1 Bb1 26. Ra1 Rxb2 27. Nf3 Rxf2 28.
Kxf2 Rb2+ 29. Ke3 Bd3 30. Nd2 Rc2 31. a4 Rxc3 32. Kd4 Rc2 33. Ke3 c3 34. Kxd3 Rxd2+ 35. Kxc3 Rxh2 36. Kb4 Rc2 37. Ka5 Rc6 38. g4 d6 39. exd6+ Kxd6 40. Rd1+ Ke7 41. Rh1 Rc4 42. Rf1 f5 43. gxf5 exf5 44. Rh1 h5 45. Ra1 Rc6 46. Ra2 Kf6 47. Ra1 g5 48. fxg5+ Kxg5 49. Rg1+ Kh6 50.
Rf1 Rf6 51. Kb4 Kg5 52. Kc5 h4 53. Rg1+ Kf4 54. Rf1+ Kg3 55. Kd5 h3 56. Ke5 Rc6 57.
Rg1+ Kf2 58. Rg8 Rh6 0-1

[Event "*** SCC Grand Prix: Titled Tuesday Blitz"]
[Site "Chess.com"]
[Date "2020.06.09"]
[Round "7"]
[White "GM_LOADING"]
[Black "PowerThinking2650"]
[Result "1-0"]
[WhiteElo "2493"]
[BlackElo "2332"]
[TimeControl "180+1"]
[EndTime "10:17:59 PDT"]
[Termination "GM_LOADING won by resignation"]

1. e4 e5 2. Nf3 Nc6 3. Bc4 Nf6 4. d3 h6 5. O-O g5 6. d4 exd4 7. e5 d5 8. Bb5 Ne4 9. Nxd4 Bd7 10. Bxc6 bxc6 11.
Nc3 Nxc3 12. bxc3 c5 13. Nb3 c4 14. Na5 Rb8 15. e6 Bxe6 16. Nc6 Qc8 17. Nxb8 Qxb8 18. Be3 Bd6 19. Rb1 Qa8 20. Qd4 O-O 21. f4 gxf4 22.
Bxf4 Kh7 23. Bxd6 cxd6 24. Rf6 Rg8 25. Qf4 Qf8 26. Rb7 Rg7 27. Rxh6+ Kg8 28. Qh4 1-0

[Event "*** SCC Grand Prix: Titled Tuesday Blitz"]
[Site "Chess.com"]
[Date "2020.06.09"]
[Round "7"]
[White "harlem4brew"]
[Black "MFguimaraes"]
[Result "0-1"]
[WhiteElo "2217"]
[BlackElo "2469"]
[TimeControl "180+1"]
[EndTime "10:17:59 PDT"]
[Termination "MFguimaraes won by resignation"]

1. e4 e5 2. Nf3 Nc6 3. Bb5 Nf6 4.
O-O Bc5 5. d3 Nd4 6. Nxd4 Bxd4 7. c3 Bb6 8. Be3 c6 9. Ba4 O-O 10. Nd2 d5 11. Bg5 h6 12. Bh4 g5 13. Bg3 Bg4 14.
Qc2 Re8 15. Rae1 dxe4 16. dxe4 Nh5 17. Nc4 Nxg3 18. hxg3 Bc7 19. Ne3 Be6 20. Bb3 Qf6 21.
Bxe6 Qxe6 22. Nf5 Rad8 23. Qe2 Kh7 24. Kh2 Kg6 25. g4 Rh8 26. Kg3 h5 27. gxh5+ Kf6 28. h6 Rdg8 29. Rh1 g4 30. Rd1 Qxf5 31. exf5 e4+ 32. f4 gxf3+ 33. Kf2 Rxg2+ 0-1